PCL
VANCOUVER VIPERS @ DISTRICT 9 PRAWNS
08/08/2026
 
TOP OF THE 1ST
Vancouver Vipers batting - Pitching for District 9 Prawns : RHP António Benítez
Pitching: RHP António Benítez
Batting: LHB Malcolm Thomas 0-0: Called Strike
0-1: SOLO HOME RUN (Flyball, 89XD), Distance : 424 ft
Batting: RHB Miguel Palácios 0-0: Fly out, F4 (Line Drive, 4)
Batting: RHB Sergio Pujols 0-0: Called Strike
0-1: Ball
1-1: Ball
2-1: Foul Ball, location: 2F
2-2: Ground out 4-3 (Groundball, 4M)
Batting: RHB Salvador Medine 0-0: DOUBLE (Groundball, 3L)
Batting: RHB Steve Bender 0-0: Ball
1-0: SINGLE (Line Drive, 78S)
Salvador Medine to third
Runner from 3rd tries for Home, SAFE, no throw or cutoff
Batting: RHB Alfredo Hernández 0-0: Swinging Strike
0-1: Ball
1-1: Swinging Strike
1-2: Ball
2-2: Strikes out swinging
Top of the 1st over - 2 run(s), 3 hit(s), 0 error(s), 1 left on base; Vancouver 2 - District 9 0
BOTTOM OF THE 1ST
District 9 Prawns batting - Pitching for Vancouver Vipers : RHP Larry Stewart
Pitching: RHP Larry Stewart
Batting: RHB Félix Sánchez 0-0: Ball
1-0: Ground out 6-3 (Groundball, 6)
Batting: SHB Mark Pope 0-0: Ball
1-0: Ball
2-0: Ball
3-0: Called Strike
3-1: Ground out 1-3 (Groundball, 13S)
Batting: LHB Leonard Harvey 0-0: Called Strike
0-1: Ball
1-1: Ball
2-1: Foul Ball, location: 2F
2-2: Foul Ball, location: 2F
2-2: Foul Ball, location: 2F
2-2: SINGLE (Line Drive, 34D)
Batting: RHB Jesús Cruz 0-0: Ball
Leonard Harvey is caught stealing 2nd base
Bottom of the 1st over - 0 run(s), 1 hit(s), 0 error(s), 0 left on base; Vancouver 2 - District 9 0
TOP OF THE 2ND
Vancouver Vipers batting - Pitching for District 9 Prawns : RHP António Benítez
Batting: SHB Henry Copeland 0-0: Called Strike
0-1: Ball
1-1: Ball
2-1: Ball
3-1: Ground out 5-3 (Groundball, 56)
Batting: LHB Katsumi Morishita 0-0: SINGLE (Groundball, 5D)
Batting: RHB Oscar Rudd 0-0: Called Strike
0-1: Fly out, F4 (Popup, 34D)
Batting: LHB Malcolm Thomas 0-0: Ball
1-0: Ball
2-0: Called Strike
2-1: Foul Ball, location: 2F
2-2: Fly out, F8 (Flyball, 8RS)
Top of the 2nd over - 0 run(s), 1 hit(s), 0 error(s), 1 left on base; Vancouver 2 - District 9 0
BOTTOM OF THE 2ND
District 9 Prawns batting - Pitching for Vancouver Vipers : RHP Larry Stewart
Batting: RHB Jesús Cruz 0-0: Ball
1-0: Foul Ball, location: 2F
1-1: Foul Ball, location: 2F
1-2: DOUBLE (Line Drive, 9LS)
Batting: RHB Lateef Makini 0-0: Called Strike
0-1: Foul Ball, location: 2F
0-2: Ball
Single, Error in OF, E7, batter to second base
Jesús Cruz scores
Batting: LHB Leonard Young 0-0: Ball
1-0: Ball
2-0: Foul Ball, location: 2F
2-1: Foul Ball, location: 2F
2-2: SINGLE (Groundball, 34S)
Lateef Makini to third
Runner from 3rd tries for Home, SAFE, throw made home
Leonard Young to second
Batting: RHB Brian Jackson 0-0: Ball
1-0: Ball
2-0: Called Strike
2-1: Foul Ball, location: 2F
2-2: Ground out 6-3 (Groundball, 6M)
Leonard Young to third
Batting: RHB Lúcio García 0-0: Called Strike
0-1: Called Strike
0-2: SINGLE (Groundball, 34D)
Leonard Young scores
Batting: RHB Tony Guzmán 0-0: Called Strike
0-1: Ball
Balk!
Lúcio García to second
1-1: Foul Ball, location: 2F
1-2: Ball
2-2: Fly out, F8 (Popup, 8LS)
Batting: RHB Félix Sánchez 0-0: Ball
1-0: Ball
2-0: Called Strike
2-1: Foul Ball, location: 2F
2-2: Ball
3-2: Fly out, F7 (Line Drive, 7M)
Bottom of the 2nd over - 3 run(s), 4 hit(s), 1 error(s), 1 left on base; Vancouver 2 - District 9 3
TOP OF THE 3RD
Vancouver Vipers batting - Pitching for District 9 Prawns : RHP António Benítez
Batting: RHB Miguel Palácios 0-0: Ball
1-0: Ground out 6-3 (Groundball, 6)
Batting: RHB Sergio Pujols 0-0: Ball
1-0: Called Strike
1-1: Ball
2-1: Ball
3-1: Ground out 6-3 (Groundball, 6)
Batting: RHB Salvador Medine 0-0: Ball
1-0: Ground out 6-3 (Groundball, 6)
Top of the 3rd over - 0 run(s), 0 hit(s), 0 error(s), 0 left on base; Vancouver 2 - District 9 3
BOTTOM OF THE 3RD
District 9 Prawns batting - Pitching for Vancouver Vipers : RHP Larry Stewart
Batting: SHB Mark Pope 0-0: Called Strike
0-1: Swinging Strike
0-2: Ball
1-2: Foul Ball, location: 2F
1-2: Strikes out swinging
Batting: LHB Leonard Harvey 0-0: Fly out, F9 (Flyball, 9LMF)
Batting: RHB Jesús Cruz 0-0: Called Strike
0-1: Foul Ball, location: 2F
0-2: Strikes out looking
Bottom of the 3rd over - 0 run(s), 0 hit(s), 0 error(s), 0 left on base; Vancouver 2 - District 9 3
TOP OF THE 4TH
Vancouver Vipers batting - Pitching for District 9 Prawns : RHP António Benítez
Batting: RHB Steve Bender 0-0: Called Strike
0-1: SINGLE (Line Drive, 7LS)
Batting: RHB Alfredo Hernández 0-0: Called Strike
Steve Bender is caught stealing 2nd base
0-1: Ball
1-1: Foul Ball, location: 2F
1-2: Ground out 4-3 (Groundball, 4)
Batting: SHB Henry Copeland 0-0: Ball
1-0: SINGLE (Line Drive, 78M)
Batting: LHB Katsumi Morishita 0-0: Fly out, F7 (Flyball, 78D)
Top of the 4th over - 0 run(s), 2 hit(s), 0 error(s), 1 left on base; Vancouver 2 - District 9 3
BOTTOM OF THE 4TH
District 9 Prawns batting - Pitching for Vancouver Vipers : RHP Larry Stewart
Batting: RHB Lateef Makini 0-0: Ball
1-0: Ball
2-0: Foul Ball, location: 2F
2-1: Ball
3-1: Foul Ball, location: 2F
3-2: Ground out 4-3 (Groundball, 4)
Batting: LHB Leonard Young 0-0: Ground out 1-3 (Groundball, 13)
Batting: RHB Brian Jackson 0-0: Called Strike
0-1: Swinging Strike
0-2: Strikes out looking
Bottom of the 4th over - 0 run(s), 0 hit(s), 0 error(s), 0 left on base; Vancouver 2 - District 9 3
TOP OF THE 5TH
Vancouver Vipers batting - Pitching for District 9 Prawns : RHP António Benítez
Batting: RHB Oscar Rudd 0-0: Ball
1-0: Ball
2-0: Ground out 6-3 (Groundball, 6)
Batting: LHB Malcolm Thomas 0-0: Ball
1-0: Ball
2-0: Reached on error, E4 (Groundball, 4)
Batting: RHB Miguel Palácios 0-0: Ball
1-0: SINGLE (Line Drive, 3)
Malcolm Thomas to second
Batting: RHB Sergio Pujols 0-0: Called Strike
0-1: Ball
1-1: Foul Ball, location: 2F
1-2: Ball
2-2: Foul Ball, location: 2F
2-2: Fly out, F6 (Line Drive, 6)
Batting: RHB Salvador Medine 0-0: Called Strike
0-1: Ball
1-1: Ball
2-1: Foul Ball, location: 2F
2-2: Fly out, F5 (Line Drive, 5)
Top of the 5th over - 0 run(s), 1 hit(s), 1 error(s), 2 left on base; Vancouver 2 - District 9 3
BOTTOM OF THE 5TH
District 9 Prawns batting - Pitching for Vancouver Vipers : RHP Larry Stewart
Batting: RHB Lúcio García 0-0: Ball
1-0: Foul Ball, location: 2F
1-1: Ball
2-1: Ground out 3-1 (Groundball, 34)
Batting: RHB Tony Guzmán 0-0: Ball
1-0: Called Strike
1-1: Ball
2-1: Called Strike
2-2: Strikes out looking
Batting: RHB Félix Sánchez 0-0: Called Strike
0-1: Ball
1-1: Ground out 6-3 (Groundball, 6M)
Bottom of the 5th over - 0 run(s), 0 hit(s), 0 error(s), 0 left on base; Vancouver 2 - District 9 3
TOP OF THE 6TH
Vancouver Vipers batting - Pitching for District 9 Prawns : RHP António Benítez
Batting: RHB Steve Bender 0-0: Ball
1-0: DOUBLE (Flyball, 9LS)
Batting: RHB Alfredo Hernández 0-0: Ball
1-0: Called Strike
1-1: Ball
2-1: DOUBLE (Flyball, 9LD)
Steve Bender scores
Pitching: RHP Bill McKinney
Batting: SHB Henry Copeland 0-0: Ball
1-0: Called Strike
1-1: Foul Ball, location: 2F
1-2: Ground out 1-3 (Groundball, 15)
Batting: LHB Katsumi Morishita 0-0: Swinging Strike
0-1: Foul Ball, location: 2F
0-2: DOUBLE (Flyball, 8RXD)
Alfredo Hernández scores
Batting: RHB Oscar Rudd 0-0: Called Strike
0-1: Ball
1-1: Ball
2-1: Called Strike
2-2: Strikes out looking
Batting: LHB Malcolm Thomas 0-0: Ball
1-0: Swinging Strike
1-1: Ball
2-1: Ball
3-1: Swinging Strike
3-2: Strikes out looking
Top of the 6th over - 2 run(s), 3 hit(s), 0 error(s), 1 left on base; Vancouver 4 - District 9 3
BOTTOM OF THE 6TH
District 9 Prawns batting - Pitching for Vancouver Vipers : RHP Larry Stewart
Batting: SHB Mark Pope 0-0: Ball
1-0: Called Strike
1-1: Foul Ball, location: 2F
1-2: Ball
2-2: DOUBLE (Line Drive, 4MD)
Pitching: RHP Vincent Cox
Batting: LHB Leonard Harvey 0-0: Ball
1-0: Ball
2-0: Called Strike
2-1: Ball
3-1: Foul Ball, location: 2F
3-2: Fly out, F8 (Flyball, 8RM)
Batting: RHB Jesús Cruz 0-0: Ball
1-0: Ball
2-0: Ground out 1-3 (Groundball, 25)
Batting: RHB Lateef Makini 0-0: Ball
1-0: Ball
2-0: SINGLE (Groundball, 56D)
Mark Pope to third
Runner from 3rd tries for Home, SAFE, throw made home
Lateef Makini to second
Batting: LHB Leonard Young 0-0: Called Strike
0-1: Swinging Strike
0-2: Foul Ball, location: 2F
0-2: Ball
1-2: Foul Ball, location: 2F
1-2: Ground out U3 (Groundball, 3)
Bottom of the 6th over - 1 run(s), 2 hit(s), 0 error(s), 1 left on base; Vancouver 4 - District 9 4
TOP OF THE 7TH
Vancouver Vipers batting - Pitching for District 9 Prawns : RHP Bill McKinney
Pinch Hitting: LHB Tanyu Imai 0-0: Ball
1-0: Called Strike
1-1: Foul Ball, location: 2F
1-2: SOLO HOME RUN (Flyball, 9D), Distance : 380 ft
Batting: RHB Sergio Pujols 0-0: Fly out, F7 (Flyball, 78S)
Batting: RHB Salvador Medine 0-0: Ball
1-0: Ground out 6-3 (Groundball, 6)
Batting: RHB Steve Bender 0-0: Ball
1-0: Foul Ball, location: 2F
1-1: Ball
2-1: Ground out 4-3 (Groundball, 4)
Top of the 7th over - 1 run(s), 1 hit(s), 0 error(s), 0 left on base; Vancouver 5 - District 9 4
BOTTOM OF THE 7TH
District 9 Prawns batting - Pitching for Vancouver Vipers : RHP Vincent Cox
Now at 2B: Richard Bowman
Batting: RHB Brian Jackson 0-0: Swinging Strike
0-1: Swinging Strike
0-2: Ball
1-2: Strikes out swinging
Batting: RHB Lúcio García 0-0: Ball
1-0: Ball
2-0: Ball
3-0: Called Strike
3-1: Foul Ball, location: 2F
3-2: Foul Ball, location: 2F
3-2: Strikes out swinging
Batting: RHB Tony Guzmán 0-0: Ball
1-0: Fly out, F9 (Flyball, 9M)
Bottom of the 7th over - 0 run(s), 0 hit(s), 0 error(s), 0 left on base; Vancouver 5 - District 9 4
TOP OF THE 8TH
Vancouver Vipers batting - Pitching for District 9 Prawns : RHP Bill McKinney
Pitching: RHP Johnathan McJannett
Batting: RHB Alfredo Hernández 0-0: Ball
1-0: Ground out 2-3 (Groundball, 2L)
Batting: SHB Henry Copeland 0-0: Ball
1-0: Ball
2-0: Called Strike
2-1: Ball
3-1: Foul Ball, location: 2F
3-2: Fly out, F6 (Popup, 6MD)
Batting: LHB Katsumi Morishita 0-0: Ball
1-0: Ball
2-0: Ball
3-0: Called Strike
3-1: SOLO HOME RUN (Flyball, 9D), Distance : 393 ft
Batting: RHB Oscar Rudd 0-0: Called Strike
0-1: Swinging Strike
0-2: SINGLE (Groundball, 6MD)
Batting: LHB Malcolm Thomas 0-0: Foul Ball, location: 2F
0-1: Ball
1-1: Ball
2-1: Fly out, F8 (Flyball, 8LD)
Top of the 8th over - 1 run(s), 2 hit(s), 0 error(s), 1 left on base; Vancouver 6 - District 9 4
BOTTOM OF THE 8TH
District 9 Prawns batting - Pitching for Vancouver Vipers : RHP Vincent Cox
Pitching: RHP Don Barnes
Batting: RHB Félix Sánchez 0-0: Swinging Strike
0-1: Ball
1-1: Swinging Strike
1-2: Strikes out swinging
Batting: SHB Mark Pope 0-0: Ball
1-0: Ball
2-0: DOUBLE (Line Drive, 9LS)
Pitching: LHP Ron Cummins
Batting: LHB Leonard Harvey 0-0: Called Strike
0-1: SINGLE (Groundball, 34D) (infield hit)
Mark Pope to third
Pitching: RHP Augusto Herrera
Pinch Hitting: LHB Enrique Nalasco 0-0: Called Strike
0-1: Ball
1-1: Swinging Strike
1-2: DOUBLE (Line Drive, 9LS)
Mark Pope scores
Leonard Harvey to third
Pitching: RHP Ben Evans
Pinch Hitting: RHB Mal Snyder 0-0: Fly out, F7 (Flyball, 7D)
Runner from 3rd tags up, SCORES, no throw
Enrique Nalasco to third
Batting: LHB Leonard Young 0-0: Foul Ball, location: 2F
0-1: Foul Ball, location: 2F
0-2: Strikes out swinging
Bottom of the 8th over - 2 run(s), 3 hit(s), 0 error(s), 1 left on base; Vancouver 6 - District 9 6
TOP OF THE 9TH
Vancouver Vipers batting - Pitching for District 9 Prawns : RHP Johnathan McJannett
Pitching: RHP Julián Romero
Now at 2B: Alfredo Rangel
Now in RF: Enrique Nalasco
Pinch Hitting: LHB Larry Howard 0-0: Called Strike
0-1: Foul Ball, location: 2F
0-2: Ball
1-2: Foul Ball, location: 2F
1-2: Ball
2-2: SINGLE (Line Drive, 7S)
Batting: RHB Sergio Pujols 0-0: Ball
1-0: Foul Ball, location: 2F
1-1: Grounds into double play, 6-4-3 (Groundball, 6)
Pinch Hitting: RHB Marvin Workman 0-0: Ground out 5-3 (Groundball, 56)
Top of the 9th over - 0 run(s), 1 hit(s), 0 error(s), 0 left on base; Vancouver 6 - District 9 6
BOTTOM OF THE 9TH
District 9 Prawns batting - Pitching for Vancouver Vipers : RHP Ben Evans
Now at 2B: Axel Guimont
Now at SS: Dave Gray
Pinch Hitting: SHB Tommy Bourassa 0-0: Ball
1-0: Ball
2-0: Called Strike
2-1: Foul Ball, location: 2F
2-2: Strikes out swinging
Batting: RHB Lúcio García 0-0: Ball
1-0: Ball
2-0: Ball
3-0: Base on Balls
Pinch Hitting: RHB Edgardo Carrasco 0-0: Called Strike
0-1: Called Strike
Lúcio García steals 2nd base
0-2: Ball
1-2: Ball
2-2: Ball
3-2: Foul Ball, location: 2F
3-2: Base on Balls
Batting: RHB Félix Sánchez 0-0: Ball
Wild Pitch!
Lúcio García to third
Edgardo Carrasco to second
1-0: Intentional Walk
Batting: SHB Mark Pope 0-0: Ball
1-0: Ball
2-0: Ball
3-0: Base on Balls
Lúcio García scores
Edgardo Carrasco to third
Félix Sánchez to second
Monday, December 5th, 2016 - OOTP Baseball 17.12 Build 75